 Dungeon Crawl Stone Soup version 0.31-a0-188-g5e087ee2ca (webtiles) character file.

Game seed: 8696830570072878143

108 qw the Skirmisher (level 4, -9/25 HPs)
             Began as a Deep Elf Hunter on June 23, 2023.
             Mangled by a gnoll
             ... wielding a +0 flail
              (12 damage)
             ... on level 3 of the Dungeon.
             The game lasted 00:00:45 (2160 turns).

qw the Skirmisher (Deep Elf Hunter)                 Turns: 2160, Time: 00:00:45

Health: -9/25      AC:  5    Str: 10    XL:     4   Next: 58%
Magic:  6/6        EV: 12    Int: 14    God:
Gold:   110        SH:  0    Dex: 18    Spells: 3/3 levels left

rFire   . . .        Y - +1 shortbow
rCold   + . .        (shield currently unavailable)
rNeg    . . .        c - +2 leather armour {rC+}
rPois   .            (no helmet)
rElec   .            (no cloak)
rCorr   .            (no gloves)
SInv    .            (no boots)
Will    .....        (no amulet)
Stlth   ++           (no ring)
HPRegen 0.24/turn    (no ring)
MPRegen 0.10/turn

%: no passive effects
@: no status effects
A: no striking features
a: no special abilities


You were on level 3 of the Dungeon.
You visited 1 branch of the dungeon, and saw 3 of its levels.

You collected 110 gold pieces.


   Skills:
 - Level 1.5 Fighting
 + Level 8.0 Ranged Weapons
 - Level 2.4 Dodging
 - Level 1.2 Stealth


You had 3 spell levels left.
You didn't know any spells.
Your spell library was empty.

Inventory:

Hand Weapons
 Y - a +1 shortbow (weapon)
Armour
 c - a +2 leather armour of cold resistance (worn)
 d - a +0 ring mail
Scrolls
 a - a scroll of identify
Potions
 b - a potion of enlightenment {unknown}
 f - a potion of degeneration {unknown}
 g - a potion of invisibility {unknown}
 h - 2 potions of might {unknown}
 j - a potion of mutation {unknown}
 k - 2 potions of curing
 l - a potion of attraction {unknown}

Dungeon Overview and Level Annotations

Branches:
Dungeon (3/15)

Altars:
Makhleb
The Shining One

Shops:
D:2 (


Message History

Enter note:
2142 ||| FLEEEEING.
2143 ||| FLEEEEING.
2144 ||| FLEEEEING.
2145 ||| FLEEEEING.
2146 ||| FLEEEEING.
A gnoll comes into view. It is wielding a +0 flail.
The gnoll shouts!
2147 ||| FLEEEEING.
2148 ||| FLEEEEING.
2149 ||| FLEEEEING.
2150 ||| FLEEEEING.
2151 ||| FLEEEEING.
2152 ||| FLEEEEING.
You shoot an arrow. The arrow hits the gnoll.
The gnoll is lightly wounded.
You shoot an arrow. The arrow hits the gnoll.
The gnoll is moderately wounded.
The gnoll barely misses you.
You shoot an arrow.
The arrow hits the gnoll but does no damage.
The gnoll is moderately wounded.
The gnoll hits you but does no damage.
You shoot an arrow.
The arrow hits the gnoll but does no damage.
The gnoll is moderately wounded.
You shoot an arrow.
The arrow hits the gnoll but does no damage.
The gnoll is moderately wounded.
The gnoll completely misses you. The gnoll hits you with a +0 flail.
The gnoll hits you with a +0 flail!
You shoot an arrow. The arrow barely misses the gnoll.
The gnoll hits you but does no damage. The gnoll closely misses you.
You shoot an arrow. The arrow hits the gnoll.
The gnoll is severely wounded.
The gnoll completely misses you. The gnoll hits you with a +0 flail.
You shoot an arrow. The arrow hits the gnoll!
You kill the gnoll!
The gnoll hits you with a +0 flail!
You die...

#.....# .######...#####
#.....##.########....##
#8..8....~~~~~~~####...
#8..8.~~~~~~~~~~~~~##.#
###~..~~~~~~~~~~~~~~~~~..
#~~~..~~~~~~~~~~~~~~~~~~~
~~~~..~~~~~~~# ~~~~~~~~~
~~~~..~~~~#########~~~~~~
~~~~..~#@)...........~~~~
~~~8..8#g#########....###
###8..8#.##.######....#
#....#.#...#~.~#.(..#
##....#.##.##._.###'####
.....##.##.##...#.#.....
.###.....#.##~.~#.......
####.....#¤.~####....
#.##.##~.¤# #.#..


You could see a gnoll.

Vanquished Creatures
  A hound (D:2)
  An adder (D:3)
  3 gnolls (D:3)
  2 dart slugs (D:2)
  An orc (D:3)
  8 ball pythons
  5 bats
  3 endoplasms
  5 giant cockroaches
  2 hobgoblins (D:2)
  2 jackals (D:1)
  3 quokkas
  2 frilled lizards (D:1)
  3 goblins
  A kobold (D:1)
  2 rats (D:3)
44 creatures vanquished.

Notes
Turn   | Place    | Note
-------+----------+-------------------------------------------
     0 | D:1      | qw the Deep Elf Hunter began the quest for the Orb.
     0 | D:1      | Reached XP level 1. HP: 12/12 MP: 3/3
     0 | D:1      | 0 ||| qw: Version: 0.3-a-9-g12657ce
     0 | D:1      | 0 ||| qw: Game counter: 4161
     0 | D:1      | 0 ||| qw: Always use a shield: true
     0 | D:1      | 0 ||| qw: God list: Okawaru
     0 | D:1      | 0 ||| qw: Allow faded altars: false
     0 | D:1      | 0 ||| qw: Do Orc after D:15 true
     0 | D:1      | 0 ||| qw: Do second Lair branch before Depths: true
     0 | D:1      | 0 ||| qw: Lair rune preference: random
     0 | D:1      | 0 ||| qw: Plans: Normal
     0 | D:1      | 0 ||| PLANNING D:1-11
   187 | D:1      | Reached XP level 2. HP: 16/16 MP: 4/4
   220 | D:1      | Reached skill level 6 in Ranged Weapons
   705 | D:1      | 705 ||| UPGRADING to +0 ring mail.
   715 | D:1      | 715 ||| DROPPING +0 leather armour.
   716 | D:1      | 716 ||| READING scroll labelled FEHURA QUOWN.
   817 | D:1      | 817 ||| READING scroll labelled HETHOI JOBEYM.
   818 | D:1      | 818 ||| DRINKING 2 murky black potions.
   854 | D:1      | 854 ||| DROPPING scroll of butterflies.
   855 | D:1      | 855 ||| DROPPING potion of lignification.
   954 | D:2      | Reached XP level 3. HP: 17/20 MP: 5/5
  1169 | D:2      | Found Ebonionwyi's Antique Weapon Emporium.
  1461 | D:2      | Reached skill level 7 in Ranged Weapons
  1637 | D:2      | 1637 ||| UPGRADING to +2 leather armour of cold resistance.
  1647 | D:2      | 1647 ||| READING scroll labelled PARPHE FANONUCI.
  1648 | D:2      | 1648 ||| READING scroll labelled WALOAB ORAKI.
  1649 | D:2      | 1649 ||| DRINKING 2 ruby potions.
  1650 | D:2      | 1650 ||| READING 2 scrolls of identify.
  1650 | D:2      | 1650 ||| IDENTIFYING silvery potion
  1651 | D:2      | 1651 ||| DROPPING potion of berserk rage.
  1670 | D:3      | 1670 ||| STAIRDANCE
  1675 | D:2      | Reached XP level 4. HP: 20/25 MP: 6/6
  2017 | D:3      | Found a glowing golden altar of the Shining One.
  2059 | D:3      | Found a burning altar of Makhleb.
  2135 | D:3      | Reached skill level 8 in Ranged Weapons
  2135 | D:3      | 2135 ||| FLEEEEING.
  2136 | D:3      | 2136 ||| FLEEEEING.
  2137 | D:3      | 2137 ||| FLEEEEING.
  2138 | D:3      | 2138 ||| FLEEEEING.
  2139 | D:3      | 2139 ||| FLEEEEING.
  2140 | D:3      | 2140 ||| FLEEEEING.
  2141 | D:3      | 2141 ||| FLEEEEING.
  2142 | D:3      | 2142 ||| FLEEEEING.
  2143 | D:3      | 2143 ||| FLEEEEING.
  2144 | D:3      | 2144 ||| FLEEEEING.
  2145 | D:3      | 2145 ||| FLEEEEING.
  2146 | D:3      | 2146 ||| FLEEEEING.
  2147 | D:3      | 2147 ||| FLEEEEING.
  2148 | D:3      | 2148 ||| FLEEEEING.
  2149 | D:3      | 2149 ||| FLEEEEING.
  2150 | D:3      | 2150 ||| FLEEEEING.
  2151 | D:3      | 2151 ||| FLEEEEING.
  2152 | D:3      | 2152 ||| FLEEEEING.
  2159 | D:3      | HP: 3/25 [gnoll/+0 flail (6)]
  2160 | D:3      | Mangled by a gnoll

Levels and vault maps discovered:
D:1:      lemuel_arrival_rhombus, layout_loops_cross,
          wander_ebering_terrifying_dragon_lair
D:2:      layout_basic, serial_shops, shop
D:3:      wander_river, layout_basic, pf_just_have_faith, lemuel_doored_altar,
          minmay_misc_feat_more_columns, kennysheep_small_spiral,
          minmay_door_square, minmay_increasing_density

Skill      XL: |  1  2  3  4 |
---------------+-------------+-----
Ranged Weapons | 6 7 8 |  8.0
Fighting       | |  1.5
Dodging        | |  2.4
Stealth        | |  1.2

Action                     |  1- 3 |  4- 6 || total
---------------------------+-------+-------++-------
   Fire: Shortbow          |   106 |    40 ||   146
    Use: Scroll            |     5 |       ||     5
         Potion            |     2 |       ||     2
 Armour: Leather armour    |     3 |     3 ||     6
         Ring mail         |     7 |       ||     7
  Dodge: Dodged            |    30 |    12 ||    42

Table legend:
 A = Non-vault XP
 B = Vault XP
 C = Vault XP percentage of total XP
 D = Non-vault monster count
 E = Vault monster count
 F = Vault count percentage of total count
                 A         B        C        D         E       F
            +---------+---------+-------+---------+---------+-------
      Total |     160 |       8 |   4.8 |      39 |       5 |  11.4
            +---------+---------+-------+---------+---------+-------
        D:1 |      32 |       1 |   3.0 |      18 |       1 |   5.3
        D:2 |      65 |       0 |   0.0 |      13 |       0 |   0.0
        D:3 |      63 |       7 |  10.0 |       8 |       4 |  33.3
            +---------+---------+-------+---------+---------+-------
